 Dungeon Crawl Stone Soup version 0.28-a0-1447-ga5a8893891 (webtiles) character file.

Game seed: 8631279268729067575

235 oldriver the Skirmisher (level 6, -3/49 HPs)
             Began as a Formicid Chaos Knight on Jan 11, 2022.
             Was a Plaything of Xom.
             Slain by Duvessa (10 damage)
             ... on level 4 of the Dungeon.
             The game lasted 00:02:56 (3957 turns).

oldriver the Skirmisher (Formicid Chaos Knight)     Turns: 3957, Time: 00:02:57

Health: -3/49      AC:  5    Str: 18    XL:     6   Next: 27%
Magic:  6/6        EV: 12    Int: 10    God:    Xom [..*...]
Gold:   121        SH:  0    Dex: 10    Spells: 5/5 levels left

rFire   . . .      SeeInvis +   h - +0 war axe (flame)
rCold   . . .      Faith    +   (no shield)
rNeg    . . .      Spirit   .   b - +2 leather armour
rPois   .          Reflect  .   (helmet unavailable)
rElec   .          Harm     .   (no cloak)
rCorr   .          Rampage  .   (no gloves)
Will    .....                   (no boots)
Stlth   +.........              d - amulet of faith
HPRegen 0.16/turn               (no ring)
MPRegen 0.10/turn               (no ring)

@: unable to read
A: permanent stasis, dig shafts and tunnels, antennae 3, four strong arms,
deterioration 1, dopey 1, inability to read while threatened
a: Dig, Shaft Self, Renounce Religion


You were on level 4 of the Dungeon.
You worshipped Xom.
You were a toy of Xom.
You visited 1 branch of the dungeon, and saw 4 of its levels.

You collected 121 gold pieces.

Inventory:

Hand Weapons
 a - a +0 hand axe of chaos
 h - a +0 war axe of flaming (weapon)
Armour
 b - a +2 leather armour (worn)
 e - an orb of light
Jewellery
 d - an amulet of faith (around neck)
Scrolls
 c - 2 scrolls of blinking {unknown}
 f - a scroll of enchant weapon {unknown}
 g - a scroll of identify {unknown}
Potions
 i - 2 potions of heal wounds {unknown}


   Skills:
 + Level 4.5 Fighting
 + Level 4.1 Axes
 + Level 3.8 Armour
 + Level 2.6 Dodging


You had 5 spell levels left.
You didn't know any spells.
Your spell library contained the following spells:

 Spells                   Type           Power      Damage    Failure   Level
 Animate Skeleton         Necr           0%         N/A       41%         1
 Pain                     Necr           0%         1d4       41%         1
 Corpse Rot               Necr/Air       0%         N/A       56%         2
 Portal Projectile        Hex/Tloc       0%         N/A       80%         3
 Teleport Other           Tloc           0%         N/A       80%         3
 Vampiric Draining        Necr           0%         2d6       80%         3
 Dispel Undead            Necr           0%         3d6       99%         4
 Iskenderun's Mystic Bla  Conj/Tloc      0%         2d3       99%         4
 Passage of Golubria      Tloc           0%         N/A       99%         4
 Death Channel            Necr           0%         N/A       100%        6
 Dispersal                Tloc           0%         N/A       100%        6
 Monstrous Menagerie      Summ           0%         N/A       100%        7
 Dragon's Call            Summ           0%         N/A       100%        9


Dungeon Overview and Level Annotations

Branches:
Dungeon (4/15)
 Temple: D:4-7

Altars:
Gozag
Hepliaklqana
Xom

Annotations:
D:4 Duvessa


Innate Abilities, Weirdness & Mutations

You cannot be hasted, slowed, berserked, paralysed or teleported.
You can dig through walls and to a lower floor.
You have a pair of large antennae on your head. (SInv)
Your four strong arms can wield two-handed weapons with a shield.
Your body sometimes deteriorates upon taking damage.
You are dopey. (Int -2)
You sometimes lose the ability to read scrolls when taking damage.


Message History

No target in view!
Dowan gestures at you while chanting.
The puff of flame hits Duvessa!
Duvessa zaps a wand.
The puff of flame hits Dowan.
Dowan dies!
Duvessa screams, "NO!
What have I done?"
Duvessa goes berserk!
Your Axes skill increases to level 4!
You have reached level 6!
Duvessa rages.
Duvessa rages.
You feel less stealthy.
Found 16 stones.
Your butterfly disappears in a puff of smoke!
Duvessa rages.
Duvessa rages.
Found a stone staircase leading down.
Duvessa is no longer charmed.
Duvessa closely misses you.
Your butterfly disappears in a puff of smoke!
You barely miss Duvessa.
Duvessa is lightly wounded.
Duvessa hits you with a +0 short sword!
You emit a cloud of colourful smoke!
Duvessa hits you with a +0 short sword!
You feel threatened and lose the ability to read scrolls!
You completely miss Duvessa.
Duvessa is lightly wounded.
Duvessa hits you with a +0 short sword!
* * * LOW HITPOINT WARNING * * *
Duvessa barely misses you.
You hit Duvessa but do no damage.
Duvessa is lightly wounded.
Duvessa closely misses you. Duvessa barely misses you.
Unknown command.
You can read scrolls again.
Duvessa hits you with a +0 short sword!
You feel threatened and lose the ability to read scrolls!
You die...
Xom giggles madly!

... #.. ### .. ##.# .#
##...#.# ##...#..#
##.....§##########
#....@e§.##......##
#....§##.#........##
#....####...........##
#..>.# ##...........##
....# #.............#
...# #...............
..# #...............
.# #................
#..........(.....


You could see Duvessa (berserk).

Vanquished Creatures
  A hound (D:3)
  An orc wizard (D:3)
  Robin (D:3)
  An adder (D:2)
  A worm (D:3)
  2 dart slugs (D:1)
  5 orcs (D:3)
  5 endoplasms
  4 giant cockroaches
  22 goblins
  15 hobgoblins
  4 jackals (D:3)
  5 quokkas
  6 ball pythons
  7 bats
  3 frilled lizards
  5 kobolds
  A rat (D:1)
89 creatures vanquished.

Vanquished Creatures (collateral kills)
  Dowan (D:4)
1 creature vanquished.

Grand Total: 90 creatures vanquished

Notes
Turn   | Place    | Note
-------+----------+-------------------------------------------
     0 | D:1      | oldriver the Formicid Chaos Knight began the quest for the
                  | Orb.
     0 | D:1      | Reached XP level 1. HP: 18/18 MP: 1/1
   145 | D:1      | Reached skill level 1 in Dodging
   208 | D:1      | Reached XP level 2. HP: 22/24 MP: 2/2
   453 | D:1      | Reached XP level 3. HP: 26/29 MP: 3/3
   565 | D:1      | XOM: silly message
   581 | D:1      | XOM: silly message
   621 | D:1      | XOM: stat loss: -1 Int (10/11)
   857 | D:1      | XOM: give mutations
   857 | D:1      | Gained mutation: Your body sometimes deteriorates upon
                  | taking damage. [Xom's mischief]
   857 | D:1      | Gained mutation: Armour fits poorly on your strangely
                  | shaped body. [Xom's mischief]
   857 | D:1      | Gained mutation: You sometimes lose the ability to read
                  | scrolls when taking damage. [Xom's mischief]
  1401 | D:2      | Reached XP level 4. HP: 35/37 MP: 4/4
  1404 | D:2      | XOM: swap monsters
  1982 | D:2      | XOM: give mutations
  1982 | D:2      | Gained mutation: You are dopey. (Int -2) [Xom's mischief]
  1982 | D:2      | Lost mutation: Armour fits poorly on your strangely shaped
                  | body. [Xom's mischief]
  2040 | D:2      | Found a hazy altar of Hepliaklqana.
  2409 | D:3      | Found an opulent altar of Gozag.
  2445 | D:3      | XOM: scenery: 1 doors open
  2776 | D:3      | Noticed Robin
  2782 | D:3      | XOM: swap monsters
  3027 | D:3      | Reached XP level 5. HP: 30/42 MP: 5/5
  3143 | D:2      | XOM: scenery: 1 doors close
  3154 | D:3      | Killed Robin
  3269 | D:3      | XOM: scenery: create altars
  3282 | D:3      | XOM: god gift: Jeiqyc's Almanac of the Dislocated Entourage
                  | {god gift}
  3310 | D:3      | Got Jeiqyc's Almanac of the Dislocated Entourage {god gift}
  3450 | D:3      | XOM: god gift: amulet of faith
  3634 | D:3      | XOM: cast spell 'Cause Fear'
  3687 | D:3      | XOM: god gift: 2 glowing brown potions {god gift}
  3909 | D:4      | XOM: stealth player
  3910 | D:4      | XOM: polymorph endoplasm -> kobold
  3914 | D:4      | XOM: scenery: summon butterflies
  3917 | D:4      | Noticed Dowan
  3918 | D:4      | Noticed Duvessa
  3920 | D:4      | XOM: enchant monster (good)
  3926 | D:4      | Killed Dowan
  3927 | D:4      | Reached XP level 6. HP: 49/49 MP: 6/6
  3954 | D:4      | XOM: smoke on damage
  3957 | D:4      | Slain by Duvessa

Illustrated notes

Levels and vault maps discovered:
D:1:      dpeg_arrival_boxes_within_box, layout_loops_cross, minmay_tromino_v4_a
D:2:      cheibrodos_greedy_goblins, layout_basic, basic_altar,
          roderic_serpentine_path
D:3:      layout_basic, mainiacjoe_overflow_cross_hatched,
          kennysheep_crisscross, uniq_robin
D:4:      layout_cave_pods, hangedman_feature_mirror,
          kennysheep_generic_room_12, uniq_duvessa, uniq_menkaure, uniq_natasha,
          uniq_pikel

Skill      XL: |  1  2  3  4  5 |
---------------+----------------+-----
Dodging        | 1 2 |  2.6
Armour         | 3 |  3.8
Fighting       | 4 |  4.5
Axes           | 4 |  4.1

Action                   |  1- 3 |  4- 6 || total
-------------------------+-------+-------++-------
Melee: Hand axe          |    76 |   135 ||   211
       Punch             |     1 |     4 ||     5
       War axe           |       |    31 ||    31
 Stab: Fleeing           |       |     1 ||     1
       Sleeping          |       |     1 ||     1
Armor: Leather armour    |    22 |    51 ||    73
Dodge: Dodged            |    50 |   113 ||   163

Table legend: (Time is in decaauts)
 A = Elapsed time spent in this place.
 B = Non-inter-level travel time spent in this place.
 C = Inter-level travel time spent in this place.
 D = Time resting spent in this place.
 E = Time spent auto-exploring this place.
 F = Levels seen in this place.
 G = Mean time per level.
                   A        B        C        D        E       F      G
               +--------+--------+--------+--------+--------+-----+--------+
         Total |   3994 |   3948 |     46 |    637 |   2644 |   4 |  998.5 |
       Dungeon |   3994 |   3948 |     46 |    637 |   2644 |   4 |  998.5 |
               +--------+--------+--------+--------+--------+-----+--------+

Top non-repeatable levels by time:
     D:2: 1759 daAuts
     D:3: 1191 daAuts
     D:1: 994 daAuts
     D:4: 48 daAuts
